 Dungeon Sprint DCSS version 0.27.1-1-g398f81649c (webtiles) character file.

Game seed: 3584459788134703497

4419 ugugthedestroyer the Envoy of Void (level 10, -10/89 HPs)
             Began as a Demonspawn Abyssal Knight on Sept 6, 2021.
             Was a High Priest of Lugonu.
             Killed from afar by a molten gargoyle (12 damage)
             ... with a bolt of magma
             ... in the Dungeon (Sprint VII: "The Pits").
             The game lasted 00:07:50 (1516 turns).

ugugthedestroyer the Envoy of Void (DsAK)           Turns: 1516, Time: 00:07:50

Health: -10/89     AC: 12    Str: 19    XL:     10   Next: 14%
Magic:  5/23       EV: 14    Int: 13    God:    Lugonu [*****.]
Gold:   0          SH:  6    Dex: 16    Spells: 9/9 levels left

rFire    . . .     SeeInvis .   d - +2 falchion
rCold    . . .     Faith    .   (no shield)
rNeg     . . .     Spirit   .   p - +5 ring mail
rPois    .         Reflect  .   o - +0 helmet
rElec    .         Harm     .   (no cloak)
rCorr    .         Rampage  .   (no gloves)
Will     .....     NoTele   +   (no boots)
Stlth    +.........             (no amulet)
HPRegen  0.24/turn              k - +3 ring of dexterity
MPRegen  0.18/turn              l - +3 ring of strength

@: no status effects
A: hooves 1, large bone plates 2, foul stench 1, icemail 1, condensation shield
a: Renounce Religion, Bend Space, Banish, Corrupt


You were in the Dungeon.
You worshipped Lugonu.
Lugonu was extremely pleased with you.
You visited 1 branch

Inventory:

Hand Weapons
 a - a +1 falchion
 d - a +2 falchion (weapon)
Armour
 b - a +0 leather armour
 o - a +0 helmet (worn)
 p - a +5 ring mail (worn)
Jewellery
 k - a +3 ring of dexterity (left hand)
 l - a +3 ring of strength (right hand)
Potions
 c - 4 potions of curing
 e - 3 potions of haste
 f - 4 potions of magic
 g - 5 potions of berserk rage
 i - 2 potions of invisibility
 j - 6 potions of heal wounds
 m - 4 potions of might
 n - 2 potions of brilliance


   Skills:
 + Level 11.9 Fighting
 + Level 8.6 Long Blades
 + Level 6.2 Armour
 + Level 6.3 Dodging
 - Level 1.1 Stealth
 + Level 4.4 Shields
 + Level 18.9 Invocations


You had 9 spell levels left.
You didn't know any spells.
Your spell library was empty.

Dungeon Overview and Level Annotations

Branches:
Dungeon (1/1)

Altars:
Ashenzari
Cheibriados
Dithmenos
Elyvilon
Fedhas
Gozag
Hepliaklqana
Kikubaaqudgha
Makhleb
Nemelex Xobeh
Okawaru
Qazlal
Ru
Sif Muna
Trog
Uskayaw
Vehumet
Wu Jian
Xom
Yredelemnul
Zin
The Shining One
Beogh
Jiyva
Lugonu

Annotations:
D Prince Ribbit


Innate Abilities, Weirdness & Mutations

You have large cloven feet.
You are mostly covered in large bone plates. (SH +6)
You may rarely emit foul miasma when damaged in melee.
A meltable icy envelope protects you from harm. (AC +0)
A meltable shield of frost defends you. (SH +0)


Message History

An elephant comes into view.
You block the redback's attack.
You slash the redback! You kick the redback.
The redback is almost dead.
The redback bites you!
You are poisoned.
The redback poisons you! The komodo dragon closely misses you.
You riposte.
You hit the komodo dragon but do no damage.
You kick the komodo dragon, but do no damage.
You hit the redback.
You kill the redback!
Lugonu accepts your kill.
A freezing mist starts to gather...
A redback simulacrum comes into view.
You feel extremely sick. The komodo dragon bites you!!
Okay, then.
You feel better. The komodo dragon bites you!!
Okay, then.
You feel much better. The adder skeleton closely misses you.
You riposte.
You hit the adder skeleton.
The adder skeleton is lightly damaged.
The redback simulacrum bites you! The redback simulacrum freezes you!!
You block the komodo dragon's attack. The adder skeleton misses you.
You hit the adder skeleton.
The adder skeleton is heavily damaged.
The redback simulacrum bites you.
* * * LOW HITPOINT WARNING * * *
The redback simulacrum freezes you!!
* * * LOW HITPOINT WARNING * * *
The komodo dragon barely misses you.
Blink to where?
Press: ? - help, Dir - move target A molten gargoyle, a hobgoblin and Prince Ribbit come into view.
As you read the scroll of blinking, it crumbles to dust.
The hobgoblin shouts!
The molten gargoyle blasts magma at you!
The bolt of magma hits you!
Your icy defenses dissipate!
You die...

....##..#..#####.##
....##..#....##.§.#
....##..'.....#.†§#
######..'....÷'..lKY
######..'.....#ZZK#...
...[##..#....##...#4..#
...[##..#..#####.## ..#
..))##..####...#'######.
..))##..##..9...@.......
..))##..#F.g...........#
########################


You could see a komodo dragon (soul bound), a kobold demonologist (soul bound),
Prince Ribbit (wandering), a molten gargoyle, a redback simulacrum, a hobgoblin,
a kobold (soul bound) and an adder skeleton.

Vanquished Creatures
  A dream sheep (D)
  A redback (D)
  2 floating eyes (D)
  A necrophage (D)
  Blork the orc (D)
  A scorpion (D)
  A quasit (D)
  A hell rat (D)
  A mummy (D)
  A worm (D)
  An orc (D)
  A bat (D)
  2 giant cockroaches (D)
  A goblin (D)
  A hobgoblin (D)
  A kobold (D)
  A quokka (D)
  A ball python (D)
  A frilled lizard (D)
21 creatures vanquished.

Notes
Turn   | Place    | Note
-------+----------+-------------------------------------------
     0 | D        | ugugthedestroyer the Demonspawn Abyssal Knight began the
                  | quest for the Orb.
     0 | D        | Reached XP level 1. HP: 18/18 MP: 2/2
    13 | D        | Noticed a scorpion
    22 | D        | Killed a scorpion
    23 | D        | Reached skill level 1 in Dodging
    23 | D        | Reached skill level 3 in Invocations
    23 | D        | Gained mutation: You have large cloven feet. [demonic
                  | ancestry]
    23 | D        | Reached XP level 2. HP: 20/28 MP: 2/4
    23 | D        | Reached XP level 3. HP: 25/34 MP: 2/5
    46 | D        | Found a bloodstained altar of Trog.
    46 | D        | Found a shimmering blue altar of Sif Muna.
    46 | D        | Found a viscous altar of Jiyva.
    46 | D        | Found a hazy altar of Hepliaklqana.
    46 | D        | Found an opulent altar of Gozag.
    47 | D        | Found a basalt altar of Yredelemnul.
    47 | D        | Found a shimmering altar of Xom.
    47 | D        | Found an ornate altar of the Wu Jian Council.
    47 | D        | Found a sacrificial altar of Ru.
    47 | D        | Found a stormy altar of Qazlal.
    47 | D        | Found an iron altar of Okawaru.
    47 | D        | Found a sparkling altar of Nemelex Xobeh.
    47 | D        | Found a burning altar of Makhleb.
    47 | D        | Found a blossoming altar of Fedhas.
    47 | D        | Found a shadowy altar of Dithmenos.
    47 | D        | Found a snail-covered altar of Cheibriados.
    49 | D        | Found a radiant altar of Vehumet.
    49 | D        | Found a corrupted altar of Lugonu.
    51 | D        | Found an ancient bone altar of Kikubaaqudgha.
    51 | D        | Found a hide-covered altar of Uskayaw.
    51 | D        | Found a broken altar of Ashenzari.
    70 | D        | Reached ** piety under Lugonu
    73 | D        | Noticed a floating eye
    74 | D        | Paralysed by a floating eye for 3 turns
    78 | D        | Paralysed by a floating eye for 3 turns
    86 | D        | Paralysed by a floating eye for 4 turns
    90 | D        | Killed a floating eye
    91 | D        | Reached skill level 4 in Invocations
    91 | D        | Gained mutation: You may rarely emit foul miasma when
                  | damaged in melee. [demonic ancestry]
    91 | D        | Reached XP level 4. HP: 28/44 MP: 5/7
    91 | D        | Gained mutation: You are partially covered in large bone
                  | plates. (SH +4) [demonic ancestry]
    91 | D        | Reached XP level 5. HP: 31/49 MP: 5/8
   199 | D        | Noticed a floating eye
   202 | D        | Killed a floating eye
   203 | D        | Reached skill level 5 in Long Blades
   203 | D        | Reached skill level 5 in Invocations
   204 | D        | Reached *** piety under Lugonu
   215 | D        | Reached skill level 10 in Fighting
   215 | D        | Reached skill level 6 in Invocations
   215 | D        | Reached XP level 6. HP: 47/60 MP: 5/10
   273 | D        | Reached skill level 5 in Armour
   327 | D        | Noticed a warg
   329 | D        | Reached **** piety under Lugonu
   329 | D        | Banished a warg
   330 | D        | Reached skill level 7 in Invocations
   340 | D        | Reached skill level 1 in Shields
   340 | D        | Reached XP level 7. HP: 59/67 MP: 3/12
   346 | D        | Reached skill level 8 in Invocations
   493 | D        | Noticed a spriggan
   495 | D        | Banished a spriggan
   496 | D        | Reached skill level 9 in Invocations
   562 | D        | Noticed Blork the orc
   562 | D        | Noticed a flying skull
   564 | D        | Banished a flying skull
   565 | D        | Reached skill level 10 in Invocations
   574 | D        | Killed Blork the orc
   575 | D        | Gained mutation: A meltable shield of frost defends you.
                  | (SH +0) [demonic ancestry]
   575 | D        | Reached XP level 8. HP: 47/75 MP: 11/16
   576 | D        | Reached ***** piety under Lugonu
   688 | D        | Noticed a bog body
   689 | D        | Banished a bog body
   690 | D        | Reached skill level 5 in Dodging
   690 | D        | Reached skill level 12 in Invocations
   694 | D        | Reached skill level 13 in Invocations
  1127 | D        | Noticed a dream sheep
  1127 | D        | Noticed a dream sheep
  1127 | D        | Noticed a jumping spider
  1127 | D        | Noticed a hellwing
  1128 | D        | Banished a dream sheep
  1128 | D        | Noticed a dream sheep
  1129 | D        | Reached skill level 14 in Invocations
  1129 | D        | Gained mutation: A meltable icy envelope protects you from
                  | harm. (AC +0) [demonic ancestry]
  1129 | D        | Reached XP level 9. HP: 76/81 MP: 14/19
  1129 | D        | Banished a hellwing
  1131 | D        | Reached skill level 15 in Invocations
  1132 | D        | Banished a jumping spider
  1133 | D        | Reached skill level 16 in Invocations
  1143 | D        | Reached skill level 1 in Stealth
  1166 | D        | Reached skill level 17 in Invocations
  1249 | D        | Noticed a jumping spider
  1267 | D        | Banished a jumping spider
  1497 | D        | Noticed a kobold demonologist
  1504 | D        | Noticed a necromancer
  1504 | D        | Noticed a kobold demonologist
  1505 | D        | Banished a kobold demonologist
  1506 | D        | Reached skill level 18 in Invocations
  1507 | D        | Noticed a komodo dragon
  1509 | D        | Banished a necromancer
  1510 | D        | Gained mutation: You are mostly covered in large bone
                  | plates. (SH +6) [demonic ancestry]
  1510 | D        | Reached XP level 10. HP: 87/89 MP: 4/23
  1510 | D        | Noticed an orange demon
  1510 | D        | Noticed an elephant
  1515 | D        | HP: 2/89 [redback simulacrum (21)]
  1516 | D        | Noticed a molten gargoyle
  1516 | D        | Noticed Prince Ribbit
  1516 | D        | Killed from afar by a molten gargoyle

Illustrated notes

Levels and vault maps discovered:
D:        pitsprint [storerooms_1, entrance_room_1, metal_vault_1, armoury_1,
          mini_pit_1, grid_room_1, main_hall_1, silver_pit, the_coven_3,
          the_vestibule_1, steel_vault_2, golden_pit, hallway_of_sentries,
          crystal_vault_6, iron_vault_1, final_vault]

Skill      XL: |  1  2  3  4  5  6  7  8  9 |
---------------+----------------------------+-----
Fighting       | 6 8 10 11 | 11.9
Long Blades    | 3 4 5 6 7 8 |  8.6
Armour         | 3 4 5 6 |  6.2
Dodging        | 1 2 3 4 5 6 |  6.3
Invocations    | 3 4 6 7 10 14 18 | 18.9
Shields        | 1 2 3 4 |  4.4
Stealth        | 1 |  1.1

Action                   |  1- 3 |  4- 6 |  7- 9 | 10-12 || total
-------------------------+-------+-------+-------+-------++-------
Melee: Falchion          |    16 |    21 |    43 |     4 ||    84
       Kick              |     2 |     9 |    21 |     2 ||    34
Invok: Banish            |       |     3 |    22 |       ||    25
  Use: Potion            |     1 |       |     2 |     2 ||     5
       Scroll            |       |       |       |     1 ||     1
Armor: Leather armour    |     2 |     7 |     2 |       ||    11
       Ring mail         |       |       |    12 |       ||    12
Dodge: Dodged            |    14 |    27 |    38 |     4 ||    83
Block: Other             |       |    10 |    19 |     2 ||    31
       Rpst.: Falchion   |     5 |     4 |     6 |     2 ||    17
